 Dungeon Crawl Stone Soup version 0.31-a0-640-g39d97e502b (webtiles) character file.

Game seed: 725635032103190442

21 Dynojp the Conjurer (level 2, 0/17 HPs)
             Began as a Tengu Reaver on Aug 28, 2023.
             Slain by an orc
             ... wielding a +0 hand axe
              (6 damage)
             ... on level 3 of the Dungeon.
             The game lasted 00:05:48 (476 turns).

Dynojp the Conjurer (Tengu Reaver)                   Turns: 476, Time: 00:05:48

Health: 0/17       AC:  3    Str: 12    XL:     2   Next: 83%
Magic:  6/6        EV: 12    Int: 13    God:
Gold:   47         SH:  0    Dex: 12    Spells: 4/5 levels left

rFire   . . .        a - +0 falchion
rCold   . . .        (no shield)
rNeg    . . .        b - +0 leather armour
rPois   .            (helmet restricted)
rElec   .            (no cloak)
rCorr   .            (no gloves)
SInv    .            (boots unavailable)
Will    .....        (no amulet)
Stlth   +            (no ring)
HPRegen 0.22/turn    (no ring)
MPRegen 0.10/turn

%: no passive effects
@: no status effects
A: beak, talons 3
a: no special abilities


You were on level 3 of the Dungeon.
You visited 1 branch of the dungeon, and saw 3 of its levels.

You collected 47 gold pieces.

Inventory:

Hand Weapons
 a - a +0 falchion (weapon)
 g - a +0 dagger
 h - a +0 dagger
Armour
 b - a +0 leather armour (worn)
 d - a +0 robe
 e - a +0 scale mail
Scrolls
 c - a scroll of blinking {unknown}
Potions
 f - a potion of haste {unknown}


   Skills:
 + Level 2.1 Fighting
 + Level 3.8 Long Blades
 + Level 0.1 Armour
 + Level 2.3 Dodging
 + Level 2.1 Spellcasting
 + Level 4.3 Conjurations


You had 4 spell levels left.
You knew the following spells:

 Your Spells              Type           Power      Damage    Failure   Level
a - Kiss of Death         Conj/Necr      28%        2d7       13%         1

Your spell library contained the following spells:

 Spells                   Type           Power      Damage    Failure   Level
 Momentum Strike          Conj/Tloc      14%        3d8       21%         2
 Hailstorm                Conj/Ice       7%         3d4       36%         3


Dungeon Overview and Level Annotations

Branches:
Dungeon (3/15)

Altars:


Innate Abilities, Weirdness & Mutations

You have a beak for a mouth.
You have claws for feet.


Message History

There is a stone staircase leading down here.
You can't go up here!
You climb downwards.
There is a stone staircase leading up here.
A goblin comes into view. It is wielding a +0 dagger.
The goblin misses you.
You hit the goblin.
The goblin is heavily wounded.
The goblin misses you.
You closely miss the goblin. Your kick misses the goblin.
The goblin is heavily wounded.
The goblin hits you with a +0 dagger.
You hit the goblin.
You kill the goblin!
You see here a +0 dagger.
You see here a +0 dagger.
h - a +0 dagger An orc comes into view. It is wielding a +0 dagger.
The orc shouts!
An orc comes into view. It is wielding a +0 heavy falchion.
An orc comes into view. It is wielding a +0 whip.
The orc shouts! x2; You hear a shout!
A rat comes into view.
The orc hits you with a +0 heavy falchion!
Ouch! That really hurt!
You hit the orc but do no damage. You hit the orc.
The orc is almost dead.
You hit the orc.
You kill the orc!
You barely miss the orc. You claw the orc.
You kill the orc!
An orc comes into view. It is wielding a +0 hand axe.
You barely miss the orc. The orc hits you with a +0 dagger.
You closely miss the orc. Your kick misses the orc.
The orc hits you but does no damage.
You slash the orc!
You kill the orc!
You closely miss the orc. The orc hits you with a +0 hand axe.
You die...

###########
#.........#
#.#######.#
#.# #.# ###.#
#.# #...# #.#
#@#.# #.#
#o#.# #.#
.r#.#######.#
.###...<.....#
.# ##.########
.# #.# #. .# .
.# .#


You could see an orc and a rat.

Vanquished Creatures
  A dart slug (D:1)
  3 orcs (D:3)
  3 ball pythons (D:2)
  A giant cockroach (D:2)
  A goblin (D:3)
  A hobgoblin (D:1)
  A quokka (D:1)
  A frilled lizard (D:1)
  2 kobolds (D:2)
  A rat (D:1)
15 creatures vanquished.

Notes
Turn   | Place    | Note
-------+----------+-------------------------------------------
     0 | D:1      | Dynojp the Tengu Reaver began the quest for the Orb.
     0 | D:1      | Reached XP level 1. HP: 12/12 MP: 4/4
    74 | D:1      | Reached XP level 2. HP: 13/17 MP: 6/6
   476 | D:3      | Slain by an orc

Illustrated notes

Levels and vault maps discovered:
D:1:      erik_arrival_triangle_large, layout_basic
D:2:      layout_loops_ring, basic_altar, chequers_serial_rivers_small_3
D:3:      layout_loops_ring, pdpol_wu_jian_five_deadly_venoms

Action                     || total
---------------------------++-------
  Melee: Falchion          ||    36
         Kick              ||     6
         Peck              ||     2
 Armour: Leather armour    ||    14
  Dodge: Dodged            ||    12

Table legend: (Time is in decaauts)
 A = Elapsed time spent in this place.
 B = Non-inter-level travel time spent in this place.
 C = Inter-level travel time spent in this place.
 D = Time resting spent in this place.
 E = Time spent auto-exploring this place.
 F = Levels seen in this place.
 G = Mean time per level.
                   A        B        C        D        E       F      G
               +--------+--------+--------+--------+--------+-----+--------+
         Total |    480 |    242 |    238 |      0 |      0 |   3 |  160.0 |
       Dungeon |    480 |    242 |    238 |      0 |      0 |   3 |  160.0 |
               +--------+--------+--------+--------+--------+-----+--------+

Top non-repeatable levels by time:
     D:2: 210 daAuts
     D:1: 210 daAuts
     D:3: 59 daAuts
